 Dungeon Crawl Stone Soup version 0.31-a0-986-g5e6e4ef867 (webtiles) character file.

Game seed: 12182223167545528152

4 IdlyInterested the Firebug (level 1, -2/14 HPs)
             Began as a Demonspawn Wanderer on Nov 15, 2023.
             Frozen to death by an endoplasm (5 damage)
             ... on level 1 of the Dungeon.
             The game lasted 00:00:48 (112 turns).

IdlyInterested the Firebug (Demonspawn Wanderer)     Turns: 112, Time: 00:00:49

Health: -2/14      AC:  2    Str:  8    XL:     1   Next: 58%
Magic:  3/3        EV: 11    Int: 18    God:
Gold:   5          SH:  0    Dex: 11    Spells: 4/4 levels left

rFire   . . .        a - +0 dagger
rCold   . . .        (no shield)
rNeg    . . .        c - +0 robe
rPois   .            (no helmet)
rElec   .            (no cloak)
rCorr   .            (no gloves)
SInv    .            (no boots)
Will    .....        (no amulet)
Stlth   +            (no ring)
HPRegen 0.22/turn    (no ring)
MPRegen 0.08/turn

%: no passive effects
@: no status effects
A: no striking features
a: no special abilities


You were on level 1 of the Dungeon.
You visited 1 branch of the dungeon, and saw 1 of its levels.

You collected 5 gold pieces.

Inventory:

Hand Weapons
 a - a +0 dagger (weapon)
Missiles
 f - 8 stones
Armour
 c - a +0 robe (worn)
Talismans
 e - a storm talisman
Wands
 d - a wand of flame (7) (quivered)
Potions
 b - a potion of lignification


   Skills:
 * Level 0.5 Fighting
 + Level 0.2 Dodging
 - Level 1.0 Stealth
 - Level 2.0 Spellcasting
 - Level 3.6 Fire Magic
 - Level 1.0 Ice Magic
 - Level 2.0 Evocations
 * Level 0.4 Shapeshifting


You had 4 spell levels left.
You didn't know any spells.
Your spell library contained the following spells:

 Spells                   Type           Power      Damage    Failure   Level
 Foxfire                  Conj/Fire      32%        2x1d5     9%          1
 Freeze                   Ice            20%        1d4       12%         1
 Volatile Blastmotes      Fire/Tloc      16%        2d11      26%         3
 Ignite Poison            Fire/Tmut/Pois 6%         N/A       32%         3
 Frozen Ramparts          Ice            10%        1d2       34%         3


Dungeon Overview and Level Annotations

Branches:
Dungeon (1/15)

Altars:


Message History

A kobold comes into view. It is wielding a +0 dagger.
The kobold shouts!
The kobold closely misses you.
You see here a bat corpse.
You hit the kobold.
You kill the kobold!
The kobold throws a stone.
The stone hits you.
Found a whip.
The kobold throws a stone.
The stone barely misses you.
Things that are here:
a +0 short sword; 4 stones You barely miss the kobold.
The kobold closely misses you.
The endoplasm quivers.
You hit the kobold but do no damage. The kobold hits you with a +0 dagger.
You barely miss the kobold. The kobold hits you with a +0 dagger.
You barely miss the kobold. The kobold closely misses you.
You closely miss the kobold. The kobold hits you with a +0 dagger.
You closely miss the kobold. The kobold closely misses you.
You hit the kobold.
The kobold is heavily wounded.
The kobold misses you.
You closely miss the kobold.
The kobold is heavily wounded.
The kobold hits you with a +0 dagger.
You barely miss the kobold.
The kobold is heavily wounded.
The kobold hits you with a +0 dagger.
You barely miss the kobold.
The kobold is heavily wounded.
The kobold hits you with a +0 dagger.
* * * LOW HITPOINT WARNING * * *
You hit the kobold.
You kill the kobold!
You hit the endoplasm.
The endoplasm is moderately wounded.
The endoplasm closely misses you.
You hit the endoplasm but do no damage.
The endoplasm is moderately wounded.
The endoplasm freezes you.
You are frozen.
You die...

.. #.## .. .# #........
#. .. ##.##..... .#.
#......... .>.
#.....##.# #.#
#.....##.# #.#
#.....##.#
##..#####.####.....##.##
..)...J@.)†...........##
##..#####.#####.#####.##
#.# #.# #.## ... #.#
#.## .#### #.#####'## .#
#......... .. #####.....
.. #..... #.....


You could see an endoplasm.

Vanquished Creatures
  A bat (D:1)
  A hobgoblin (D:1)
  2 kobolds (D:1)
4 creatures vanquished.

Notes
Turn   | Place    | Note
-------+----------+-------------------------------------------
     0 | D:1      | IdlyInterested the Demonspawn Wanderer began the quest for
                  | the Orb.
     0 | D:1      | IdlyInterested set off with the following items: a +0
                  | dagger, a potion of lignification, a +0 robe, a wand of
                  | flame (7); and the following spells available to memorise:
                  | Foxfire, Freeze, Volatile Blastmotes, Ignite Poison, Frozen
                  | Ramparts.
     0 | D:1      | Reached XP level 1. HP: 13/13 MP: 3/3
   112 | D:1      | Frozen to death by an endoplasm

Illustrated notes

Levels and vault maps discovered:
D:1:      dpeg_arrival_boxorama, layout_basic,
          hellmonk_ecumenical_altar_leap_of_faith, minmay_misc_feat_iff

Action                     || total
---------------------------++-------
  Melee: Dagger            ||    22
 Armour: Robe              ||    10
  Dodge: Dodged            ||    18

Table legend: (Time is in decaauts)
 A = Elapsed time spent in this place.
 B = Non-inter-level travel time spent in this place.
 C = Inter-level travel time spent in this place.
 D = Time resting spent in this place.
 E = Time spent auto-exploring this place.
 F = Levels seen in this place.
 G = Mean time per level.
                   A        B        C        D        E       F      G
               +--------+--------+--------+--------+--------+-----+--------+
         Total |    112 |    112 |      0 |     13 |     50 |   1 |  112.0 |
       Dungeon |    112 |    112 |      0 |     13 |     50 |   1 |  112.0 |
               +--------+--------+--------+--------+--------+-----+--------+

Top non-repeatable levels by time:
     D:1: 112 daAuts
